 Dungeon Crawl Stone Soup version 0.27-a0-828-g8289197e94 (webtiles) character file.

Game seed: 5268053464318930953

57 snetch the Chopper (level 3, -5/51 HPs)
             Began as a Minotaur Berserker on Mar 30, 2021.
             Was a Believer of Trog.
             Slain by Crazy Yiuf
             ... wielding a +3 quarterstaff of chaos
              (8 damage)
             ... on level 2 of the Dungeon.
             The game lasted 00:03:56 (1434 turns).

snetch the Chopper (Minotaur Berserker)             Turns: 1434, Time: 00:03:57

Health: -5/51      AC:  5    Str: 22    XL:     3   Next: 73%
Magic:  2/2        EV: 11    Int:  4    God:    Trog [**....]
Gold:   68         SH:  0    Dex:  9    Spells: 2/2 levels left

rFire    . . .     SeeInvis .   b - +0 halberd
rCold    . . .     Faith    .   (shield currently unavailable)
rNeg     . . .     Spirit   .   g - +0 ring mail
rPois    .         Reflect  .   (helmet restricted)
rElec    .         Harm     .   (no cloak)
rCorr    .         Rampage  .   (no gloves)
Will     .....                  (no boots)
Stlth    ..........             (no amulet)
HPRegen  0.17/turn              (no ring)
MPRegen  0.08/turn              (no ring)

@: berserking, hasted, very quick
A: horns 2, retaliatory headbutt
a: Renounce Religion, Berserk, Trog's Hand


You were on level 2 of the Dungeon.
You worshipped Trog.
Trog was pleased with you.
You visited 1 branch of the dungeon, and saw 4 of its levels.

You collected 96 gold pieces.
You spent 28 gold pieces at shops.

Inventory:

Hand Weapons
 a - a +0 hand axe
 b - a +0 halberd (weapon)
Missiles
 c - 32 arrows
 d - a throwing net
 f - 30 stones (quivered)
 i - 2 javelins
Armour
 g - a +0 ring mail (worn)
Scrolls
 h - a scroll of enchant armour
 j - 3 scrolls of magic mapping {unknown}
 k - a scroll of brand weapon {unknown}
 l - a scroll of fog {unknown}
 n - a scroll of noise {unknown}
Potions
 e - a potion of flight
 m - a potion of heal wounds {unknown}


   Skills:
 + Level 4.3 Fighting
 + Level 4.6 Axes
 + Level 0.4(2.9) Polearms
 + Level 2.8 Armour
 + Level 2.6 Dodging


You had 2 spell levels left.
You didn't know any spells.
Your spell library contained the following spells:

 Spells                   Type           Power      Damage    Failure   Level
 Confusing Touch          Hex            0%         N/A       95%         3
 Gell's Gravitas          Tloc           0%         N/A       95%         3
 Petrify                  Tmut/Erth      0%         N/A       100%        4
 Metabolic Englaciation   Hex/Ice        0%         N/A       100%        5
 Yara's Violent Unravell  Hex/Tmut       0%         3d3       100%        5


Dungeon Overview and Level Annotations

Branches:
Dungeon (4/15)
 Temple: D:4-7

Altars:
Uskayaw

Shops:
D:1 *

Annotations:
D:2 Crazy Yiuf


Innate Abilities, Weirdness & Mutations

You have a pair of horns on your head.
You reflexively headbutt those who attack you in melee.


Message History

You closely miss the ball python. The ball python misses you.
You furiously retaliate!
You headbutt the ball python.
You kill the ball python!
Trog accepts your kill.
No target in view!
You now have 68 gold pieces (gained 8).
Things that are here:
a +0 whip; a ball python corpse; a kobold corpse A bat comes into view.
You see here a scroll labelled SIUPNE QEBB.
n - a scroll labelled SIUPNE QEBB The bat hits you but does no damage.
You slash the bat!
You kill the bat!
Trog accepts your kill.
No target in view!
Found a mace.
Found a runed translucent door.
Crazy Yiuf shouts!
Crazy Yiuf says, "Hah!"
You open the door.
Crazy Yiuf grits, "Blight koolooloo horse!"
You hit Crazy Yiuf.
Crazy Yiuf is moderately wounded.
Crazy Yiuf hits you with a +3 quarterstaff of chaos!
Crazy Yiuf freezes you.
You barely miss Crazy Yiuf. You headbutt Crazy Yiuf!
Crazy Yiuf is almost dead.
Crazy Yiuf hits you with a +3 quarterstaff of chaos!
* * * LOW HITPOINT WARNING * * *
Crazy Yiuf freezes you.
* * * LOW HITPOINT WARNING * * *
A red film seems to cover your vision as you go berserk!
You feel yourself moving faster!
You feel mighty!
Crazy Yiuf hits you with a +3 quarterstaff of chaos!
* * * LOW HITPOINT WARNING * * *
You feel yourself speed up.
You barely miss Crazy Yiuf.
Crazy Yiuf is almost dead.
Crazy Yiuf hits you with a +3 quarterstaff of chaos!
You die...

###..# .# #.# ..#
#.# # ### #.# #
#.# .. #.# ..#
### ###### #.#
#.# #)..###
##....## #.# .#
#...'.####......#
#)# #
#...##g@#.......#
#.# ###
###.#....#.# #.#
########.###.####
#........#
#####.......#
.............#
######.......#
#########


You could see Crazy Yiuf.

Vanquished Creatures
  An adder (D:2)
  A dart slug (D:2)
  4 ball pythons
  4 endoplasms
  6 goblins
  7 hobgoblins
  3 quokkas (D:2)
  6 bats
  3 frilled lizards
  3 kobolds
  3 rats
41 creatures vanquished.

Notes
Turn   | Place    | Note
-------+----------+-------------------------------------------
     0 | D:1      | snetch the Minotaur Berserker began the quest for the Orb.
     0 | D:1      | Reached XP level 1. HP: 19/19 MP: 0/0
   211 | D:1      | Reached XP level 2. HP: 21/27 MP: 1/1
   511 | D:1      | Found Rajimum's General Store.
   516 | D:1      | Bought a scroll of identify for 28 gold pieces
   598 | D:2      | Reached ** piety under Trog
   885 | D:2      | Reached XP level 3. HP: 33/33 MP: 2/2
  1317 | D:2      | Found a hide-covered altar of Uskayaw.
  1424 | D:2      | Found a runed translucent door.
  1425 | D:2      | Noticed Crazy Yiuf
  1434 | D:2      | Slain by Crazy Yiuf

Illustrated notes

Levels and vault maps discovered:
D:1:      giann_horns, layout_loops_ring, serial_shops, shop_fountains,
          minmay_cut_off
D:2:      layout_rooms, lemuel_doored_altar, minmay_misc_feat_rugged,
          uniq_crazy_yiuf_cottage
D:3:      layout_loops_cross, makhleb_heckhound_becter,
          ebering_ghost_inner_flame
D:4:      layout_basic

Skill      XL: |  1  2 |
---------------+-------+-----
Axes           | 4 |  4.6
Fighting       | 4 |  4.3
Polearms       | |  0.4
Armour         | |  2.8
Dodging        | |  2.6

Action                   || total
-------------------------++-------
Melee: Hand axe          ||    28
       Headbutt          ||     8
       Halberd           ||    46
       Dagger            ||    10
Invok: Berserk           ||     1
  Use: Scroll            ||     2
Armor: Animal skin       ||     4
       Ring mail         ||    25
Dodge: Dodged            ||    38

Table legend: (Time is in decaauts)
 A = Elapsed time spent in this place.
 B = Non-inter-level travel time spent in this place.
 C = Inter-level travel time spent in this place.
 D = Time resting spent in this place.
 E = Time spent auto-exploring this place.
 F = Levels seen in this place.
 G = Mean time per level.
                   A        B        C        D        E       F      G
               +--------+--------+--------+--------+--------+-----+--------+
         Total |   1457 |   1401 |     56 |      0 |    999 |   4 |  364.2 |
       Dungeon |   1457 |   1401 |     56 |      0 |    999 |   4 |  364.2 |
               +--------+--------+--------+--------+--------+-----+--------+

Top non-repeatable levels by time:
     D:1: 1016 daAuts
     D:2: 414 daAuts
     D:3: 24 daAuts
     D:4: 1 daAuts
